 Dungeon Crawl Stone Soup version 0.27-a0-819-g058290f16d (webtiles) character file.

Game seed: 16717524817926130336

359 jasper the Sneak (level 6, -4/44 HPs)
             Began as a Demonspawn Delver on Mar 29, 2021.
             Was an Initiate of Hepliaklqana.
             Slain by an ogre
             ... wielding a +0 giant spiked club
              (24 damage)
             ... on level 6 of the Dungeon.
             The game lasted 00:02:39 (1243 turns).

jasper the Sneak (Demonspawn Delver)                Turns: 1243, Time: 00:02:39

Health: -4/44      AC:  5    Str: 15    XL:     6   Next: 37%
Magic:  6/6        EV: 14    Int: 11    God:    Hepliaklqana [......]
Gold:   29         SH:  0    Dex: 18    Spells: 5/5 levels left

rFire    + + .     SeeInvis .   e - +6 short sword of Huirgha {elec, rF++ rC++ Dex+4}
rCold    + + .     Faith    .   (no shield)
rNeg     . . .     Spirit   .   d - +0 ring mail
rPois    .         Reflect  .   (no helmet)
rElec    .         Harm     .   (no cloak)
rCorr    .         Rampage  .   (no gloves)
Will     .....                  (no boots)
Stlth    ++........             (no amulet)
HPRegen  0.14/turn              (no ring)
MPRegen  0.10/turn              (no ring)

@: no status effects
A: reduced essence, repulsion field 2, spiny 2
a: Renounce Religion, Recall Ancestor, Ancestor Identity


You were on level 6 of the Dungeon.
You worshipped Hepliaklqana.
Hepliaklqana was noncommittal.
You visited 2 branches of the dungeon, and saw 4 of its levels.

You collected 29 gold pieces.

Inventory:

Hand Weapons
 a - a +0 hand axe
 e - the +6 short sword of Huirgha (weapon) {elec, rF++ rC++ Dex+4}
   (You took it off an orc on level 6 of the Dungeon)

   Occasionally, upon striking a foe, it can discharge electrical energy and
   cause terrible harm.
   It affects your dexterity (+4).
   It greatly protects you from fire.
   It greatly protects you from cold.
Armour
 b - a +0 leather armour
 d - a +0 ring mail (worn)
Wands
 g - a wand of digging (3)
Scrolls
 c - a scroll of fog
 h - a scroll of magic mapping


   Skills:
 + Level 4.4 Fighting
 * Level 0.6 Short Blades
 - Level 4.4 Axes
 + Level 2.7 Armour
 - Level 1.7 Dodging
 - Level 4.5 Stealth


You had 5 spell levels left.
You didn't know any spells.
Your spell library was empty.

Dungeon Overview and Level Annotations

Branches:
Dungeon (5/15)             Temple (1/1) D:5

Altars:
Dithmenos
Hepliaklqana
Makhleb
Nemelex Xobeh
Okawaru
Ru
Sif Muna
Uskayaw
Vehumet
Wu Jian
Xom
Zin
The Shining One

Shops:
D:5 *


Innate Abilities, Weirdness & Mutations

Your life essence is reduced to manifest your ancestor. (-10% HP)
You are surrounded by a moderate repulsion field. (EV +3)
You are mostly covered in sharp spines.


Message History

Oma hits the bullfrog zombie.
You puncture the bullfrog zombie!
You destroy the bullfrog zombie!
You start resting.
HP restored.
Health restored: 44 A kobold comes into view.
It is wielding a +0 dagger.
You see here a scroll of fear.
A kobold is nearby!
A kobold is nearby!
The kobold is struck by your spines. The kobold barely misses you.
Found 14 stones.
You hit the kobold.
You kill the kobold!
A kobold and a kobold brigand come into view.
The kobold brigand is wielding a +0 dagger and quivering curare-tipped darts.
Found a copper wand.
Things that are here:
a +0 dagger; a kobold corpse A kobold comes into view.
It is wielding a +0 whip.
The kobold shouts!
The kobold brigand shouts!
You hear a shout!
A kobold comes into view. It is wielding a +0 short sword.
An ogre comes into view. It is wielding a +0 giant spiked club.
You closely miss the kobold brigand. The kobold barely misses you.
The kobold hits you but does no damage.
The kobold brigand is struck by your spines.
The kobold brigand hits you with a +0 dagger.
You take 1 damage, and have 43/44 hp.
You swap places.
The kobold throws a stone.
The stone completely misses Oma.
The stone hits you but does no damage.
The kobold throws a stone.
The stone closely misses Oma.
The stone misses you.
The ogre hits you with a +0 giant spiked club!!
Ouch! That really hurt!
The kobold brigand completely misses Oma.
Oma closely misses the kobold brigand.
You take 23 damage, and have 20/44 hp.
MASSIVE DAMAGE!!
The kobold throws a stone.
The stone hits Oma but does no damage.
The ogre hits you with a +0 giant spiked club!!
Ouch! That really hurt!
You die...

#...........#.#.#
#...............
#.........##.....
#.##...............
####?##........
#.##.#..... #.#
.#....
####)##......
#...@......§
#....O.....§
#./..##R##.#..≈
##.#..KKK....§≈ #
###.K###...§ #.(#
... ...# ... ##..#
...#


You could see the friendly Oma the ancestor, a kobold brigand (ally target), an
ogre and 3 kobolds.

Vanquished Creatures
  An ice beast (D:6)
  A black bear (D:6)
  A bullfrog zombie (D:6)
  A killer bee zombie (D:6)
  A howler monkey skeleton (D:6)
  2 adders (D:5)
  A shadow imp (D:6)
  7 orcs (D:6)
  A kobold (D:6)
16 creatures vanquished.

Vanquished Creatures (collateral kills)
  Dowan (D:5)
  An orc wizard (D:6)
  A hobgoblin (D:4)
3 creatures vanquished.

Vanquished Creatures (others)
  An ancestor (D:6)
1 creature vanquished.

Grand Total: 20 creatures vanquished

Notes
Turn   | Place    | Note
-------+----------+-------------------------------------------
     0 | D:5      | jasper the Demonspawn Delver began the quest for the Orb.
     0 | D:5      | Reached XP level 1. HP: 18/18 MP: 1/1
     9 | D:5      | Found a staircase to the Ecumenical Temple.
    15 | D:5      | Noticed Dowan
    20 | D:5      | Gained mutation: You are partially covered in sharp spines.
                  | [demonic ancestry]
    20 | D:5      | Reached XP level 2. HP: 18/24 MP: 2/2
    31 | Temple   | Entered the Ecumenical Temple
   274 | Temple   | Became a worshipper of Hepliaklqana the Forgotten
   301 | D:5      | Killed Dowan
   302 | D:5      | Reached skill level 1 in Armour
   302 | D:5      | Gained mutation: You are surrounded by a mild repulsion
                  | field. (EV +2) [demonic ancestry]
   302 | D:5      | Reached XP level 3. HP: 5/26 MP: 3/3
   577 | D:5      | Found Reizior's Mayhem Merchandise.
   615 | D:5      | Found a sparkling altar of Nemelex Xobeh.
   631 | D:4      | Gained mutation: You are mostly covered in sharp spines.
                  | [demonic ancestry]
   631 | D:4      | Reached XP level 4. HP: 31/31 MP: 4/4
   638 | D:4      | You fall into a shaft and drop 2 floors!
   695 | D:6      | Noticed an ice beast
   708 | D:6      | Killed an ice beast
   709 | D:6      | Gained mutation: You are surrounded by a moderate repulsion
                  | field. (EV +3) [demonic ancestry]
   709 | D:6      | Reached XP level 5. HP: 18/37 MP: 5/5
   846 | D:6      | Identified the +6 short sword of Huirgha {elec, rF++ rC++
                  | Dex+4}
  1127 | D:6      | Noticed a black bear
  1134 | D:6      | Killed a black bear
  1135 | D:6      | Reached XP level 6. HP: 36/44 MP: 6/6
  1243 | D:6      | Slain by an ogre

Illustrated notes

Levels and vault maps discovered:
D:4:      layout_rooms, overflow_temple_1_default, ebering_ghost_sewer_f,
          uniq_pikel
D:5:      layout_loops_ring, nemelex_xobeh_ov_fountains_minmay,
          lemuel_coloured_pillars_altar, gammafunk_temple_overflow_statue,
          minmay_temple_entry_waves, minmay_shop_mayhem, kennysheep_dice,
          uniq_duvessa
D:6:      layout_basic, nicolae_qazlal_general_emergency,
          gammafunk_temple_of_torment, nrook_loot_triangle, st_stairs_1,
          hangedman_decor_points, uniq_crazy_yiuf_cottage, uniq_prince_ribbit1
Temple:   hc_temple_tempest_star

Skill      XL: |  1  2  3  4  5 |
---------------+----------------+-----
Axes           | 2 3 4 |  4.4
Armour         | 1 2 |  2.7
Fighting       | 4 |  4.4
Short Blades   | |  0.6
Dodging        | |  1.7
Stealth        | |  4.5

Action                   |  1- 3 |  4- 6 || total
-------------------------+-------+-------++-------
Melee: Hand axe          |    17 |    36 ||    53
       Short sword       |       |     8 ||     8
Invok: Recall Ancestor   |       |     2 ||     2
  Use: Potion            |     1 |       ||     1
       Scroll            |     2 |     1 ||     3
Armor: Leather armour    |     1 |       ||     1
       Ring mail         |       |    12 ||    12
Dodge: Dodged            |     8 |    28 ||    36

Table legend: (Time is in decaauts)
 A = Elapsed time spent in this place.
 B = Non-inter-level travel time spent in this place.
 C = Inter-level travel time spent in this place.
 D = Time resting spent in this place.
 E = Time spent auto-exploring this place.
 F = Levels seen in this place.
 G = Mean time per level.
                   A        B        C        D        E       F      G
               +--------+--------+--------+--------+--------+-----+--------+
         Total |   1237 |   1188 |     49 |    581 |    382 |   4 |  309.2 |
       Dungeon |    727 |    693 |     34 |    324 |    156 |   3 |  242.3 |
        Temple |    510 |    495 |     15 |    257 |    226 |   1 |  510.0 |
               +--------+--------+--------+--------+--------+-----+--------+

Top non-repeatable levels by time:
     D:6: 609 daAuts
  Temple: 510 daAuts
     D:5: 98 daAuts
     D:4: 18 daAuts
